 Dungeon Crawl Stone Soup version 0.20.1-1-g8b1a95d (webtiles) character file.

84 Knicklaso the Magician (level 4, -1/35 HPs)
             Began as a Human Warper on July 21, 2017.
             Slain by a gnoll
             ... wielding a +0 flail
              (7 damage)
             ... on level 2 of the Dungeon.
             The game lasted 00:06:49 (1724 turns).

Knicklaso the Magician (Human Warper)               Turns: 1724, Time: 00:06:49

Health: -1/35      AC:  5    Str: 12    XL:     4   Next: 72%
Magic:  9/9        EV: 11    Int: 14    God:
Gold:   142        SH:  0    Dex: 12    Spells: 9/9 levels left

rFire    . . .     SeeInvis .   a - +0 falchion
rCold    . . .     Gourm    .   (no shield)
rNeg     . . .     Faith    .   h - +0 ring mail
rPois    .         Spirit   .   (no helmet)
rElec    .         Reflect  .   (no cloak)
rCorr    .         Harm     .   (no gloves)
MR       .....                  (no boots)
Stlth    +.........             (no amulet)
Regen    0.2/turn               (no ring)
MPRegen  0.2/turn               (no ring)

@: no status effects
A: no striking features
a: no special abilities


You were on level 2 of the Dungeon.
You were not hungry.

You visited 1 branch of the dungeon, and saw 2 of its levels.

You collected 142 gold pieces.

Inventory:

Hand Weapons
 a - a +0 falchion (weapon)
Missiles
 e - 5 tomahawks of dispersal (quivered)
Armour
 b - a +0 leather armour
 h - a +0 ring mail (worn)
 i - a cursed +0 robe
 q - a +0 plate armour
Scrolls
 d - 2 scrolls of blinking
 g - a scroll of random uselessness {unknown}
 j - a scroll of teleportation {unknown}
 l - 3 scrolls of remove curse {unknown}
 o - a scroll of fog {unknown}
 p - a scroll of identify {unknown}
 v - a scroll of enchant weapon {unknown}
Potions
 k - a potion of heal wounds {unknown}
 m - a potion of might {unknown}
 n - 2 potions of curing {unknown}
 r - a potion of haste {unknown}
 t - a potion of resistance {unknown}
Books
 c - a book of Spatial Translocations

   Spells                             Type                      Level
   a - Blink                          Translocation                2
   b - Shroud of Golubria             Charms/Translocation         2
   c - Lesser Beckoning               Translocation                3
   d - Gell's Gravitas                Translocation                3
   e - Teleport Other                 Translocation                3
   f - Passage of Golubria            Translocation                4
Comestibles
 f - a bread ration
 s - 2 fruits
 u - 2 chunks of flesh
 w - a meat ration


   Skills:
 + Level 3.2 Fighting
 - Level 2.0 Long Blades
 - Level 1.0 Throwing
 * Level 1.2 Armour
 - Level 2.0 Dodging
 + Level 3.3 Spellcasting
   Level 3.0 Translocations


You had 9 spell levels left.
You didn't know any spells.

Dungeon Overview and Level Annotations

Branches:
Dungeon (2/15)

Altars:
Gozag


Message History

The gnoll is lightly wounded.
The gnoll closely misses you.
You riposte.
You hit the gnoll.
The gnoll is moderately wounded.
You hit the gnoll.
The gnoll is heavily wounded.
The gnoll hits you with a flail.
You barely miss the gnoll.
The gnoll is heavily wounded.
The gnoll hits you with a flail!
You hit the gnoll.
The gnoll is heavily wounded.
The gnoll hits you with a flail!
* * * LOW HITPOINT WARNING * * *
You barely miss the gnoll.
The gnoll is heavily wounded.
The gnoll hits you but does no damage.
You hit the gnoll.
The gnoll is severely wounded.
The gnoll hits you with a flail!
You die...

..#######...(.....#).........
.........(...((..####.##.....
########..[....(#####.#>.....#
#######........).............
#.......#..##........)......#
##................#..<...#.##
##........#.#####)#####......
............#####..........##
...............g@..###K#..##
........###.#.###### ....
..............######## .....
..)#########........(# ....
.........# ##........$
.........# #h........
.........# #.........
.........# #.....g...
.........# #..?......


You could see a gnoll.

Vanquished Creatures
  3 adders (D:2)
  2 oozes
  A dart slug (D:2)
  3 leopard geckos
  3 giant cockroaches
  7 goblins
  6 hobgoblins
  A jackal (D:2)
  7 kobolds
  3 bats
  2 frilled lizards
  4 rats
42 creatures vanquished.

Vanquished Creatures (others)
  A plant (D:1)
1 creature vanquished.

Grand Total: 43 creatures vanquished

Notes
Turn   | Place    | Note
-------+----------+-------------------------------------------
     0 | D:1      | Knicklaso the Human Warper began the quest for the Orb.
     0 | D:1      | Reached XP level 1. HP: 16/16 MP: 3/3
   303 | D:1      | Reached XP level 2. HP: 21/22 MP: 5/5
   473 | D:1      | Reached XP level 3. HP: 23/28 MP: 7/7
  1097 | D:2      | Reached XP level 4. HP: 27/34 MP: 8/8
  1297 | D:2      | Found an opulent altar of Gozag.
  1724 | D:2      | Slain by a gnoll

Skill      XL: |  1  2  3  4 |
---------------+-------------+-----
Spellcasting   | 3 |  3.3
Fighting       | 3 |  3.2
Long Blades    | |  2.0
Throwing       | |  1.0
Armour         | |  1.2
Dodging        | |  2.0
Translocations | |  3.0

Action                   |  1- 3 |  4- 6 || total
-------------------------+-------+-------++-------
Melee: Falchion          |   102 |    59 ||   161
  Eat: Chunk             |     1 |     2 ||     3
Armor: Ring mail         |    43 |    16 ||    59
Dodge: Dodged            |    56 |    40 ||    96
       Rpst.: Falchion   |    20 |    17 ||    37
